 Dungeon Crawl Stone Soup version 0.20.0-10-g0535bb4 (webtiles) character file.

87 McKennaii the Skirmisher (level 4, -1/37 HPs)
             Began as a Demonspawn Abyssal Knight on June 4, 2017.
             Was a Believer of Lugonu.
             Slain by Natasha (3 damage)
             ... on level 2 of the Dungeon.
             The game lasted 00:06:45 (2224 turns).

McKennaii the Skirmisher (DsAK)                     Turns: 2224, Time: 00:06:46

Health: -1/37      AC: 13    Str: 12    XL:     4   Next: 28%
Magic:  5/5        EV:  3    Int: 13    God:    Lugonu [**....]
Gold:   136        SH:  0    Dex: 14    Spells: 3/3 levels left

rFire    . . .     SeeInvis .   a - +1 falchion
rCold    . . .     Gourm    .   (no shield)
rNeg     . . .     Faith    .   e - +0 plate armour
rPois    .         Spirit   .   (helmet restricted)
rElec    .         Reflect  .   (no cloak)
rCorr    .         Harm     .   (no gloves)
MR       .....                  (no boots)
Stlth    ..........             (no amulet)
Regen    0.2/turn               (no ring)
MPRegen  0.1/turn               (no ring)

@: no status effects
A: antennae 1, thin metallic scales 1
a: Depart the Abyss, Bend Space, Renounce Religion


You were on level 2 of the Dungeon.
You worshipped Lugonu.
Lugonu was pleased with you.
You were hungry.

You visited 1 branch of the dungeon, and saw 3 of its levels.
You visited the Abyss 1 time.

You collected 136 gold pieces.

Inventory:

Hand Weapons
 a - a +1 falchion (weapon)
Armour
 b - a +0 leather armour
 e - a +0 plate armour (worn)
Jewellery
 r - an uncursed amulet of regeneration {unknown}
Scrolls
 d - 10 scrolls of identify {unknown}
 f - a scroll of magic mapping {unknown}
 j - a scroll of blinking {unknown}
 l - a scroll of fear {unknown}
 m - 2 scrolls of remove curse {unknown}
 o - a scroll of fog {unknown}
 s - a scroll of enchant armour {unknown}
Potions
 g - a potion of magic {unknown}
 h - 2 potions of agility {unknown}
 i - a potion of flight {unknown}
 n - a potion of berserk rage {unknown}
 p - a potion of heal wounds {unknown}
 q - a potion of curing
 t - a potion of haste {unknown}
Comestibles
 c - a bread ration
 k - 3 meat rations
 u - a chunk of flesh


   Skills:
 + Level 3.8 Fighting
 + Level 3.0 Long Blades
 + Level 2.3 Armour
 + Level 0.8 Dodging
 + Level 2.6 Invocations


You had 3 spell levels left.
You didn't know any spells.

Dungeon Overview and Level Annotations

Branches:
Dungeon (3/15)

Altars:

Annotations:
D:2 Natasha


Innate Abilities, Weirdness & Mutations

You have a pair of small antennae on your head.
You are partially covered in thin metallic scales. (AC +2)


Message History

You hit Natasha.
Natasha is lightly wounded.
The crimson imp hits you but does no damage.
The ooze barely misses you.
You riposte.
You hit the ooze.
The ooze is lightly wounded.
Natasha claws you.
* * * LOW HITPOINT WARNING * * *
The crimson imp hits you but does no damage.
You hit Natasha.
Natasha is moderately wounded.
The ooze hits you but does no damage. Natasha claws you but does no damage.
The crimson imp hits you but does no damage.
The ooze hits you.
* * * LOW HITPOINT WARNING * * *
You closely miss Natasha.
Natasha is moderately wounded.
Natasha claws you but does no damage.
The crimson imp hits you but does no damage.
The ooze hits you but does no damage. Natasha claws you.
You die...

## ####..()....### #
####.....##### #........#
########## #........#
##...##...##
#...(†...#######..........##
#............##............#
#.......#.##..#............#
#.......#..##J.h...........#
###.######.##.@5..........##
#####.# ###....#.....##...##
......####...#<.#....#######
.#.........####.#.##..##
...######### #...###..# ..##
##..#####.## ###
#.....###..## #
#####.###..##...# ## #.....#
##..#...#


You could see Natasha, a crimson imp and an ooze.

Vanquished Creatures
  3 gnolls
  An adder (D:2)
  A worm (D:2)
  2 dart slugs (D:2)
  A leopard gecko (D:2)
  2 giant cockroaches
  6 goblins
  3 hobgoblins
  2 jackals (D:2)
  2 ball pythons
  6 bats
  5 frilled lizards
  5 kobolds
  5 rats
44 creatures vanquished.

Notes
Turn   | Place    | Note
-------+----------+-------------------------------------------
     0 | Abyss:1  | McKennaii the Demonspawn Abyssal Knight began the quest for the Orb.
     0 | Abyss:1  | Reached XP level 1. HP: 18/18 MP: 2/2
    46 | Abyss:1  | Found a corrupted altar of Lugonu.
   143 | Abyss:1  | Noticed a small abomination
   154 | Abyss:1  | Noticed a worldbinder
   156 | Abyss:1  | Noticed a warg
   157 | D:1      | Escaped the Abyss
   362 | D:1      | Reached * piety under Lugonu
   473 | D:1      | Gained mutation: You have a pair of small antennae on your head. [demonic ancestry]
   473 | D:1      | Reached XP level 2. HP: 24/24 MP: 3/3
  1085 | D:1      | Reached XP level 3. HP: 11/29 MP: 4/4
  1481 | D:3      | Noticed Natasha
  1806 | D:2      | Gained mutation: You are partially covered in thin metallic scales. (AC +2) [demonic ancestry]
  1806 | D:2      | Reached XP level 4. HP: 32/37 MP: 5/5
  2030 | D:2      | Reached ** piety under Lugonu
  2224 | D:2      | Slain by Natasha

Skill      XL: |  1  2  3  4 |
---------------+-------------+-----
Long Blades    | 2 3 |  3.0
Armour         | 2 |  2.3
Fighting       | |  3.8
Dodging        | |  0.8
Invocations    | |  2.6

Action                   |  1- 3 |  4- 6 || total
-------------------------+-------+-------++-------
Melee: Falchion          |   149 |    59 ||   208
Invok: Depart the Abyss  |     1 |       ||     1
  Eat: Chunk             |     2 |     2 ||     4
Armor: Plate armour      |   142 |    72 ||   214
Dodge: Dodged            |    32 |    18 ||    50
       Rpst.: Falchion   |     7 |     6 ||    13
